 Dungeon Crawl Stone Soup version 0.27.0-1-g7a089689b8 (webtiles) character file.

Game seed: 7875271034426489997

165 lnt the Sneak (level 5, -2/37 HPs)
             Began as an Octopode Delver on Aug 2, 2021.
             Slain by Edmund (9 damage)
             ... on level 3 of the Dungeon.
             The game lasted 00:10:10 (4456 turns).

lnt the Sneak (Octopode Delver)                     Turns: 4456, Time: 00:10:12

Health: -2/37      AC:  5    Str: 12    XL:     5   Next: 46%
Magic:  5/5        EV: 14    Int: 12    God:
Gold:   146        SH:  0    Dex: 14    Spells: 4/4 levels left

rFire    . . .     SeeInvis .   a - +0 spear
rCold    . . .     Faith    .   (no shield)
rNeg     . . .     Spirit   .   (helmet restricted)
rPois    .         Reflect  .   (no amulet)
rElec    .         Harm     .   m - +4 ring of protection
rCorr    .         Rampage  .   (no ring)
Will     .....                  (no ring)
Stlth    +++++.....             (no ring)
HPRegen  0.12/turn              (no ring)
MPRegen  0.09/turn              (no ring)
                                (no ring)
                                (no ring)

@: no status effects
A: almost no armour, amphibious, 8 rings, camouflage 1, gelatinous body 1,
(nimble swimmer 1), tentacles
a: no special abilities


You were on level 3 of the Dungeon.
You visited 1 branch of the dungeon, and saw 5 of its levels.

You collected 146 gold pieces.

Inventory:

Hand Weapons
 a - a +0 spear (weapon)
Missiles
 g - 148 stones
 j - 11 sling bullets
 p - 7 poisoned darts (quivered)
Jewellery
 m - a +4 ring of protection (left tentacle)
Wands
 f - a wand of digging (3)
Scrolls
 b - 2 scrolls of fog
 c - 2 scrolls of magic mapping
 h - 2 scrolls of amnesia {unknown}
 i - 5 scrolls of identify {unknown}
 l - a scroll of blinking {unknown}
 n - a scroll of enchant weapon {unknown}
 o - 2 scrolls of immolation {unknown}
Potions
 k - a potion of magic {unknown}
 q - 2 potions of brilliance {unknown}


   Skills:
 + Level 4.2 Fighting
 - Level 2.0 Polearms
 + Level 3.5 Dodging
 + Level 7.9 Stealth


You had 4 spell levels left.
You didn't know any spells.
Your spell library was empty.

Dungeon Overview and Level Annotations

Branches:
Dungeon (5/15)
 Temple: D:4-7

Altars:

Annotations:
D:3 exclusion: 2 downstairs, Edmund
D:4 exclusion: wight, Dowan


Innate Abilities, Weirdness & Mutations

You cannot wear most types of armour.
You are amphibious.
You can wear up to eight rings at the same time.
Your skin changes colour to match your surroundings (Stealth+).
Your rubbery body absorbs attacks. (AC +1, EV +1)
((You are camouflaged near water. (Stealth+)))
You have tentacles for arms and can constrict up to eight enemies at once.


Message History

You hit Edmund. Your grab misses Edmund. Your squeeze misses Edmund.
Edmund is lightly wounded.
Edmund hits you with a +1 flail of protection!
You barely miss Edmund. Your grab misses Edmund.
Edmund is lightly wounded.
Edmund hits you with a +1 flail of protection!
You hit Edmund but do no damage. Your grab misses Edmund.
Edmund is lightly wounded.
Edmund closely misses you.
You hit Edmund but do no damage. Your grab misses Edmund. You squeeze Edmund!
Edmund is heavily wounded.
Edmund barely misses you.
You hit Edmund but do no damage. You grab Edmund.
Edmund is heavily wounded.
You constrict Edmund, but do no damage.
Edmund hits you with a +1 flail of protection.
You hit Edmund but do no damage. You squeeze Edmund, but do no damage.
Edmund is heavily wounded.
You constrict Edmund. Edmund barely misses you.
You hit Edmund but do no damage.
Edmund is heavily wounded.
You constrict Edmund, but do no damage.
Edmund hits you with a +1 flail of protection.
* * * LOW HITPOINT WARNING * * *
You hit Edmund but do no damage.
Edmund is heavily wounded.
You constrict Edmund, but do no damage.
Edmund hits you with a +1 flail of protection.
* * * LOW HITPOINT WARNING * * *
You hit Edmund but do no damage. You squeeze Edmund, but do no damage.
Edmund is heavily wounded.
You constrict Edmund, but do no damage. Edmund barely misses you.
You hit Edmund but do no damage.
Edmund is heavily wounded.
You constrict Edmund, but do no damage. Edmund hits you but does no damage.
You hit Edmund but do no damage.
Edmund is heavily wounded.
You constrict Edmund.
Edmund hits you with a +1 flail of protection!
You die...

### #.#########
#(((.(....#
#.#####.###
#.#.......#
#.#.###..##
#.#.###..#
#@#.@@#..#
#.#####..##
#.#.......# #
#.#.####.## #
#.#.# #.# #
#.#.# #.#
############.#.#
#.#
...........)>#.#
#.#
##############.#
#.#


You could see Edmund.

Vanquished Creatures
  A hound (D:4)
  Jessica (D:3)
  An iguana (D:4)
  A gnoll (D:3)
  2 adders
  3 orcs
  4 bats
  3 endoplasms
  A giant cockroach (D:2)
  9 hobgoblins
  5 jackals (D:1)
  3 quokkas (D:1)
  3 ball pythons
  2 frilled lizards (D:1)
  7 goblins
  5 kobolds
  5 rats
56 creatures vanquished.

Notes
Turn   | Place    | Note
-------+----------+-------------------------------------------
     0 | D:5      | lnt the Octopode Delver began the quest for the Orb.
     0 | D:5      | Reached XP level 1. HP: 16/16 MP: 1/1
    34 | D:5      | Reached XP level 2. HP: 20/21 MP: 2/2
    64 | D:4      | Noticed a wight
    82 | D:4      | Noticed Dowan
   391 | D:3      | Reached skill level 7 in Stealth
   531 | D:2      | Reached XP level 3. HP: 22/26 MP: 3/3
   785 | D:1      | Found a faded altar of an unknown god.
  1412 | D:1      | Reached XP level 4. HP: 24/33 MP: 4/4
  2289 | D:3      | Noticed Jessica
  2355 | D:3      | Killed Jessica
  3358 | D:4      | Reached XP level 5. HP: 25/37 MP: 5/5
  3889 | D:4      | Noticed Edmund
  4456 | D:3      | Slain by Edmund

Illustrated notes

Levels and vault maps discovered:
D:1:      lemuel_arrival_muddy, layout_basic, ebering_ecumenical_altar_ruins
D:2:      layout_rooms, minmay_joined_circles
D:3:      layout_basic, minmay_misc_feat_four_crosses, uniq_jessica
D:4:      kennysheep_big_flooded_room, layout_loops_cross, minivault_5,
          uniq_sigmund, uniq_edmund, uniq_duvessa
D:5:      layout_basic, serial_shops, shop, minmay_fractal_squares_5

Skill      XL: |  1  2  3  4 |
---------------+-------------+-----
Stealth        | 7 |  7.9
Dodging        | 3 |  3.5
Fighting       | 4 |  4.2
Polearms       | |  2.0

Action                   |  1- 3 |  4- 6 || total
-------------------------+-------+-------++-------
Melee: Spear             |    74 |   106 ||   180
       Constrict         |    22 |    14 ||    36
       Tentacles         |    14 |    22 ||    36
Throw: Stone             |    35 |    12 ||    47
       Dart              |       |     4 ||     4
  Use: Scroll            |       |     1 ||     1
       Potion            |       |     1 ||     1
 Stab: Sleeping          |     6 |     2 ||     8
       Distracted        |       |     1 ||     1
Armor: Skin              |     4 |    11 ||    15
Dodge: Dodged            |    30 |    54 ||    84
